 Dungeon Crawl Stone Soup version 0.17.0-24-gcfadda4 (webtiles) character file.

148 4thArraOfDagon the Insei (level 5, 0/30 HPs)
             Began as a Tengu Wanderer on Nov 17, 2015.
             Was an Initiate of Cheibriados.
             Slain by an ogre
             ... wielding a +0 giant club
              (15 damage)
             ... on level 4 of the Dungeon.
             The game lasted 00:05:01 (1004 turns).

4thArraOfDagon the Insei (Tengu Wanderer)           Turns: 1004, Time: 00:05:01

Health: 0/30       AC:  8    Str: 14    XL:     5   Next: 30%
Magic:  6/6        EV:  9    Int: 11    God:    Cheibriados [......]
Gold:   71         SH:  0    Dex: 17    Spells: 0 memorised, 4 levels left

rFire  . . .     SeeInvis .       - Unarmed
rCold  . . .     Clarity  .     a - +2 scale mail
rNeg   . . .     SustAt   .     (no shield)
rPois  .         Gourm    .     (helmet restricted)
rElec  .         Spirit   .     (no cloak)
rCorr  .         Warding  .     (no gloves)
rMut   .         Stasis   .     (boots unavailable)
MR     .....                    (no amulet)
Stlth  +.........               (no ring)
                                (no ring)

@: very slow, not resistant to hostile enchantments, very unstealthy
A: beak, talons 3, able to fly 1
a: Fly, Bend Time, Renounce Religion


You were on level 4 of the Dungeon.
You worshipped Cheibriados.
Cheibriados was noncommittal.
You were not hungry.

You visited 2 branches of the dungeon, and saw 5 of its levels.

You collected 71 gold pieces.

Inventory:

Hand Weapons
 b - a +2 dagger of draining
 d - a +0 dagger
Armour
 a - a +2 scale mail (worn)
Wands
 f - a wand of magic darts (9)
Scrolls
 g - a scroll of recharging {unknown}
 i - a scroll of enchant armour {unknown}
Potions
 k - a potion of might
 m - a potion of poison {unknown}
Comestibles
 c - a meat ration
 e - 3 bread rations
 h - a chunk of flesh
 j - 5 fruits


   Skills:
 + Level 2.2 Fighting
   Level 1.1 Staves
 - Level 3.2 Armour
 + Level 0.2 Dodging
 - Level 3.0 Stealth
   Level 1.0 Shields
 * Level 4.9 Unarmed Combat
 + Level 0.5 Invocations


You had 4 spell levels left.
You didn't know any spells.

Dungeon Overview and Level Annotations

Branches:
Dungeon (4/15)             Temple (1/1) D:4

Altars:
Ashenzari
Cheibriados
Elyvilon
Fedhas
Nemelex Xobeh
Qazlal
Sif Muna
Zin


Innate Abilities, Weirdness & Mutations

You have a beak for a mouth.
You have claws for feet.
You can fly.


Message History

Unknown command.
You barely miss the ogre. Your kick misses the ogre.
The ogre barely misses you.
A quokka comes into view.
You hit the ogre.
The ogre is lightly wounded.
Unknown command.
Evoke which item? (* to show all) (? for menu, Esc to quit)
Okay, then.
Drink which item? (? for menu, Esc to quit)
Okay, then.
You hit the ogre. You claw the ogre.
The ogre is moderately wounded.
The ogre hits you with a giant club!
Ouch! That really hurt!
You hit the ogre but do no damage.
The ogre is moderately wounded.
The ogre hits you with a giant club!
Ouch! That really hurt!
You die...

.# #.#..##
#########......
#.........#..
#.#######.#..
#.# #.##. #.#
#.... #.# #.#..
#.########.#
.#...
#r..O@.....#
###..
...###########
.##


You could see an ogre and a quokka.

Vanquished Creatures
  A giant frog skeleton (D:4)
  An orc wizard (D:4)
  A worker ant (D:4)
  3 adders
  A worm (D:4)
  An adder skeleton (D:4)
  3 giant geckos
  6 orcs
  A giant cockroach (D:3)
  4 hobgoblins
  A jackal (D:1)
  A quokka (D:3)
  5 bats
  A giant newt (D:1)
  4 goblins
  A kobold (D:1)
  A quokka skeleton (D:4)
  3 rats
39 creatures vanquished.

Vanquished Creatures (others)
  17 toadstools (D:4)
17 creatures vanquished.

Grand Total: 56 creatures vanquished

Notes
Turn   | Place    | Note
--------------------------------------------------------------
     0 | D:1      | 4thArraOfDagon the Tengu Wanderer began the quest for the Orb.
     0 | D:1      | 4thArraOfDagon set off with: a +2 scale mail, a scroll of teleportation, a potion of lignification, a +0 dagger, a bread ration
     0 | D:1      | Reached XP level 1. HP: 12/12 MP: 2/2
    47 | D:1      | Reached skill level 1 in Unarmed Combat
   156 | D:1      | Reached XP level 2. HP: 14/17 MP: 3/3
   353 | D:4      | Noticed an ogre
   401 | D:3      | Reached XP level 3. HP: 7/21 MP: 4/4
   574 | D:3      | Noticed a hippogriff
   615 | D:4      | Reached skill level 4 in Unarmed Combat
   615 | D:4      | Reached XP level 4. HP: 18/26 MP: 5/5
   718 | D:4      | Noticed an ogre
   723 | D:4      | Found a staircase to the Ecumenical Temple.
   735 | Temple   | Entered the Ecumenical Temple
   751 | Temple   | Became a worshipper of Cheibriados the Contemplative
   854 | D:4      | Found a blossoming altar of Fedhas.
   897 | D:4      | Found a deep blue altar of Sif Muna.
   920 | D:4      | Gained mutation: You can fly. [Tengu growth]
   920 | D:4      | Reached XP level 5. HP: 27/30 MP: 6/6
   960 | D:4      | Found a shattered altar of Ashenzari.
  1004 | D:4      | Slain by an ogre

Action                   |  1- 3 |  4- 6 || total
-------------------------+-------+-------++-------
Melee: Dagger            |   123 |    45 ||   168
       Unarmed           |       |    34 ||    34
Evoke: Wand              |     5 |       ||     5
  Use: Potion            |     1 |     2 ||     3
       Scroll            |     2 |     1 ||     3
 Stab: Sleeping          |     1 |       ||     1
  Eat: Chunk             |       |     1 ||     1
